 Dungeon Crawl Stone Soup version 0.22.1-1-ga44c0e5 (webtiles) character file.

43237 toffzen the Nimble (level 14, -6/88 HPs)
             Began as a Tengu Summoner on Sept 24, 2018.
             Was an Elder of Ashenzari.
             Mangled by a troll (9 damage)
             ... while paralysed by an orc sorcerer
             ... on level 2 of the Orcish Mines on Sept 25, 2018.
             The game lasted 02:27:18 (32484 turns).

toffzen the Nimble (Tengu Summoner)                Turns: 32484, Time: 02:27:19

Health: -6/88      AC: 16    Str:  9    XL:     14   Next: 23%
Magic:  28/28      EV:  2    Int: 23    God:    Ashenzari [****..]
Gold:   1330       SH:  0    Dex: 15    Spells: 12/31 levels left

rFire    + . .     SeeInvis +   a - +4 trident (pierce) (curse)
rCold    . . .     Gourm    .   L - +0 buckler of True Grit {MR+ Int+3}
rNeg     . . .     Faith    .   D - +0 acid dragon scales
rPois    .         Spirit   .   (helmet restricted)
rElec    .         Reflect  .   o - +0 cloak
rCorr    +         Harm     .   S - +1 pair of gloves
MR       ++...     Clarity  +   (boots unavailable)
Stlth    ++........             (no amulet)
HPRegen  0.24/turn              F - ring of protection from fire (curse)
MPRegen  0.21/turn              I - +4 ring of protection

@: paralysed, flying quickly and evasively, quick
A: beak, talons 3, able to fly 2
a: Stop Flying, Curse Item, Scrying, Renounce Religion


You were on level 2 of the Orcish Mines.
You worshipped Ashenzari.
Ashenzari was greatly pleased with you.
You were not hungry.

You visited 4 branches of the dungeon, and saw 23 of its levels.

You collected 1440 gold pieces.
You spent 110 gold pieces at shops.

Inventory:

Hand Weapons
 a - a cursed +4 trident of piercing (weapon)
Missiles
 f - 661 stones (quivered)
 w - 4 throwing nets
 x - 18 tomahawks
Armour
 o - a +0 cloak (worn)
 D - +0 acid dragon scales (worn)
 L - the +0 buckler of True Grit (worn) {MR+ Int+3}
   (You found it on level 10 of the Dungeon)

   It affects your intelligence (+3).
   It affects your resistance to hostile enchantments.
 O - a scarf of spirit shield
 S - a +1 pair of gloves (worn)
 Y - a +1 troll leather armour {Snorg}
Jewellery
 d - a +4 ring of evasion
 F - a cursed ring of protection from fire (left hand)
 G - an uncursed ring of protection from cold
 I - a +4 ring of protection (right hand)
 M - a +3 ring of dexterity
 R - an uncursed ring of protection from magic
Wands
 p - a wand of clouds (7)
 u - a wand of acid (1)
 y - a wand of enslavement (19)
 B - a wand of iceblast (32)
 C - a wand of flame (15)
 J - a wand of scattershot (4)
 N - a wand of paralysis (46)
Scrolls
 e - 6 scrolls of teleportation
 g - 5 scrolls of magic mapping
 h - 2 scrolls of fear
 i - 2 scrolls of amnesia
 j - 3 scrolls of immolation
 k - 8 scrolls of remove curse
 m - 3 scrolls of enchant armour {unknown}
 t - 3 scrolls of fog
 A - a scroll of holy word
 P - a scroll of silence
 Q - a scroll of blinking {unknown}
 U - a scroll of summoning {unknown}
 X - 2 scrolls of noise
 Z - a scroll of vulnerability {unknown}
Potions
 b - a potion of agility
 l - 3 potions of might
 n - 2 potions of lignification
 q - 6 potions of curing
 s - 3 potions of ambrosia
 v - 7 potions of brilliance
 z - a potion of berserk rage
 H - a potion of cancellation
 T - a potion of flight {unknown}
 W - 2 potions of mutation
Comestibles
 c - 26 rations
 r - 6 chunks of flesh


   Skills:
 + Level 10.8 Fighting
 + Level 9.9(13.2) Polearms
 - Level 9.4 Armour
 - Level 11.7 Dodging
 - Level 2.0 Stealth
 - Level 4.0 Shields
 - Level 9.0 Spellcasting
 * Level 5.3 Conjurations
 - Level 10.1 Summonings
 - Level 4.2 Ice Magic
 - Level 5.3 Air Magic


You had 12 spell levels left.
You knew the following spells:

 Your Spells              Type           Power        Failure   Level  Hunger
a - Summon Small Mammal   Summ           ####         1%          1    None
b - Call Imp              Summ           ######..     1%          2    None
c - Call Canine Familiar  Summ           ######..     1%          3    None
d - Summon Lightning Spi  Summ/Air       #####...     4%          4    ##.....
e - Summon Ice Beast      Ice/Summ       #####...     4%          4    ##.....
f - Lightning Bolt        Conj/Air       ####......   28%         5    ####...

Your spell library contained the following spells:

 Spells                   Type           Power        Failure   Level  Hunger
 Shock                    Conj/Air       ####         1%          1    None
 Static Discharge         Conj/Air       ####....     3%          3    None
 Summon Guardian Golem    Hex/Summ       ####....     3%          3    None
 Swiftness                Chrm/Air       ###.....     4%          2    None
 Confusing Touch          Hex            ##....       10%         1    None
 Infusion                 Chrm           ##..         10%         1    None
 Airstrike                Air            ####......   11%         4    ##.....
 Shroud of Golubria       Chrm/Tloc      ##........   14%         2    None
 Song of Slaying          Chrm           ##......     14%         2    None
 Confuse                  Hex            ##......     28%         3    None
 Gell's Gravitas          Tloc           ##........   28%         3    None
 Regeneration             Chrm/Necr      ##........   28%         3    None
 Spectral Weapon          Hex/Chrm       ##......     28%         3    None
 Petrify                  Tmut/Erth      ##......     67%         4    ##.....
 Metabolic Englaciation   Hex/Ice        ###.......   73%         5    ####...
 Yara's Violent Unravell  Hex/Tmut       ##........   95%         5    ####...


Dungeon Overview and Level Annotations

Branches:
Dungeon (14/15)            Temple (1/1) D:6            Lair (6/6) D:8
 Shoals (0/4) Lair:4       Spider (0/4) Lair:3        Slime (0/5) Lair:6
    Orc (2/2) D:9
    Elf: Orc:2       Vaults: D:13-14

Altars:
Ashenzari
Dithmenos
Elyvilon
Fedhas
Gozag
Hepliaklqana
Nemelex Xobeh
Okawaru
Ru
Trog
Uskayaw
Vehumet
Wu Jian
Xom
Yredelemnul

Shops:
D:7 !   D:9 (   Orc:2 %

Annotations:
D:3 2 exclusions
D:8 1 runed door, SaintRoka's ghost, novice NaBe
Lair:6 1 runed door


Innate Abilities, Weirdness & Mutations

You have a beak for a mouth.
You have claws for feet.
You can fly continuously.


Message History

The orc sorcerer gestures wildly while chanting.
The troll bites you. The troll claws you.
The troll claws you but does no damage. The troll bites you.
The troll claws you but does no damage. x2
A cyclops comes into view.
The troll shouts!
The cyclops shouts!
You hear a shout!
The ogre shouts!
An ogre comes into view. It is wielding a giant club. x2
A cyclops comes into view.
The troll bites you but does no damage. The troll claws you!
The troll claws you.
The ogre mage hits you but does no damage.
The two-headed ogre hits you with a giant club!!
The two-headed ogre hits you with a giant spiked club.
The deep troll bites you! The deep troll claws you!
* * * LOW HITPOINT WARNING * * *
The deep troll claws you!
* * * LOW HITPOINT WARNING * * *
The troll bites you!
You die... , , , , , ,, ,,, * , ...........
O.., , , , ,.........., OOC,,

* *, .........$
...., ,,
.........#OTT.. , ,
, , ...$.....#OTO..
,, *
.....$.O.O.....,,, *
, ,.$.....OTOOOO..,
.......@TOOOC..,,
*,,,,.......TTTTO...
,,* * ,,
$......OoOC...., *
*, .........#..O..,
, * *
.$.......3....., **,
..............., ,
.......C... ... ,, ,
............... ,* ,
* , ,, , ,, ,, , *


You could see an ettin, 7 two-headed ogres, an ogre mage, 2 deep trolls, 3
cyclopes, 7 trolls, a ynoxinul, an orc sorcerer and 12 ogres.

Vanquished Creatures
  Nessos (Lair:5)
  Harold (D:7)
  A centaur warrior (D:14)
  2 hydras
  A death knight (D:13)
  3 ugly things
  2 manticores
  An elephant (Lair:6)
  A centaur zombie (D:14)
  4 black mambas
  4 spiny frogs
  2 torpor snails (Lair:6)
  2 komodo dragons
  A rime drake (Lair:6)
  2 polar bears (Lair:6)
  A tyrant leech (Lair:6)
  3 hornets (Lair:6)
  2 trolls
  A hippogriff (Lair:6)
  3 blink frogs
  7 yaks
  A basilisk (Lair:4)
  A wyvern (D:12)
  2 wargs (Lair:6)
  4 water moccasins
  2 hell hounds (Lair:6)
  4 porcupines
  4 orc warriors
  3 ice beasts
  5 black bears (Lair:6)
  A phantom (D:13)
  3 ogres
  2 centaurs
  A wolf (Lair:6)
  7 crocodiles
  7 bullfrogs
  A scorpion (D:6)
  2 killer bees (D:13)
  4 crimson imps
  2 bullfrog zombies
  A jelly (D:10)
  An orc wizard (D:6)
  3 centaur skeletons
  3 hounds
  An orc priest (D:13)
  A bullfrog skeleton (D:10)
  3 iguanas
  2 worker ants
  Natasha (D:4)
  A killer bee zombie (D:8)
  A hound zombie (D:6)
  3 adders
  A shadow imp (D:12)
  An ooze (D:2)
  A worm (D:2)
  A leopard gecko (D:7)
  12 orcs
  3 goblins
  A hobgoblin (D:1)
  2 jackals (D:10)
  2 quokkas
  4 bats
  3 frilled lizards
  A jackal skeleton (D:4)
  3 kobolds
  3 rats
  2 fungi
  A plant (Lair:6)
163 creatures vanquished.

Vanquished Creatures (collateral kills)
  Snorg (Lair:5)
  Erolcha (D:9)
  A catoblepas (Lair:1)
  5 hydras
  A dancing weapon (D:14)
  3 two-headed ogres
  4 skeletal warriors (D:12)
  2 lindwurms (Lair:6)
  A deep elf archer (D:12)
  Pikel (D:7)
  An orb spider (Lair:3)
  3 deep elf magi (D:13)
  A wolf spider (Lair:5)
  5 ugly things
  Joseph (D:7)
  10 elephants
  5 black mambas
  A merfolk siren (Lair:4)
  11 spiny frogs
  3 torpor snails (Lair:6)
  A gargoyle (D:11)
  2 centaur skeletons
  2 kobold demonologists (D:12)
  2 rime drakes (Lair:4)
  5 komodo dragons
  7 polar bears (Lair:6)
  2 tyrant leeches (Lair:6)
  4 hornets (Lair:6)
  A troll (D:8)
  21 blink frogs
  3 raiju (Lair:6)
  4 hippogriffs
  28 yaks
  A vampire (D:11)
  2 wyverns
  4 hungry ghosts
  Grum (D:8)
  Menkaure (D:6)
  4 wargs (Lair:6)
  2 soldier ants
  10 hell hounds (Lair:6)
  9 water moccasins
  2 acid dragons
  8 porcupines
  4 orc warriors
  A hornet zombie (D:10)
  A phantom (D:8)
  3 slaves (D:7)
  3 sky beasts
  6 black bears (Lair:6)
  2 necrophages
  15 wolves
  4 centaurs
  3 ogres
  11 crocodiles
  3 big kobolds (D:12)
  Blork the orc (D:6)
  8 bullfrogs
  2 scorpions
  A wyvern skeleton (D:10)
  4 killer bees (D:13)
  10 wights (D:8)
  A howler monkey (D:6)
  2 crimson imps
  A lava snake (Lair:5)
  A bullfrog zombie (D:7)
  6 jellies
  6 hounds
  6 orc priests
  6 orc wizards
  Crazy Yiuf (D:7)
  3 iguanas
  Natasha (twice) (D:4)
  A hell rat (Lair:6)
  2 worker ants
  A howler monkey zombie (D:7)
  A worker ant zombie (D:9)
  4 gnolls (D:6)
  A river rat (D:3)
  9 adders
  5 shadow imps
  7 oozes
  3 worms (D:3)
  4 dart slugs
  2 leopard geckos
  27 orcs
  A ball python (D:4)
  2 giant cockroaches
  6 hobgoblins
  11 jackals
  A quokka (D:3)
  A ball python skeleton (D:4)
  2 bats (D:1)
  2 frilled lizards
  4 goblins
  7 kobolds
  A leopard gecko zombie (D:6)
  6 rats
  2 fungi
417 creatures vanquished.

Vanquished Creatures (others)
  A slave (D:7)
  An orc (D:7)
  2 bushes (D:8)
  27 fungi
  64 plants
95 creatures vanquished.

Grand Total: 675 creatures vanquished

Notes
Turn   | Place    | Note
-------+----------+-------------------------------------------
     0 | D:1      | toffzen the Tengu Summoner began the quest for the Orb.
     0 | D:1      | Reached XP level 1. HP: 10/10 MP: 4/4
   385 | D:1      | Reached skill level 5 in Summonings
   551 | D:1      | Reached XP level 2. HP: 12/15 MP: 3/6
   592 | D:1      | Learned a level 2 spell: Call Imp
  1005 | D:2      | Reached XP level 3. HP: 19/19 MP: 3/7
  1103 | D:2      | Learned a level 3 spell: Call Canine Familiar
  1462 | D:2      | Found a shimmering altar of Xom.
  1476 | D:2      | Found a hazy altar of Hepliaklqana.
  1476 | D:2      | Noticed a caustic shrike
  1477 | D:2      | Noticed a spectral ugly thing
  1477 | D:2      | Noticed a caustic shrike
  1922 | D:3      | Reached XP level 4. HP: 14/24 MP: 5/8
  2073 | D:3      | Reached skill level 3 in Dodging
  2208 | D:3      | Found a blossoming altar of Fedhas.
  3166 | D:4      | Noticed Natasha
  3169 | D:4      | Killed Natasha
  3169 | D:4      | Gained mutation: You can fly. [Tengu growth]
  3169 | D:4      | Reached XP level 5. HP: 28/28 MP: 7/10
  3189 | D:4      | Found a blossoming altar of Fedhas.
  3202 | D:4      | Found a hide-covered altar of Uskayaw.
  3377 | D:4      | Noticed Natasha
  3392 | D:4      | Killed Natasha
  3427 | D:4      | Noticed Natasha
  3433 | D:4      | Killed Natasha
  3433 | D:4      | Reached skill level 1 in Fighting
  3792 | D:4      | Found a white marble altar of Elyvilon.
  3865 | D:5      | Entered Level 5 of the Dungeon
  3887 | D:5      | Learned a level 4 spell: Summon Lightning Spire
  3932 | D:5      | Reached skill level 1 in Air Magic
  3932 | D:5      | Reached XP level 6. HP: 33/34 MP: 5/11
  4296 | D:5      | Found an iron altar of Okawaru.
  4368 | D:6      | Noticed Blork the orc
  4383 | D:6      | Killed Blork the orc
  4513 | D:6      | Noticed a sky beast
  4527 | D:6      | Killed a sky beast
  4559 | D:6      | Reached XP level 7. HP: 28/38 MP: 4/13
  4787 | D:6      | Noticed Menkaure
  4814 | D:6      | Killed Menkaure
  5099 | D:6      | Reached skill level 5 in Air Magic
  5248 | D:6      | Learned a level 4 spell: Summon Ice Beast
  5465 | D:6      | Found an ornate altar of the Wu Jian Council.
  5477 | D:6      | Got a wizard robe
  5488 | D:6      | Identified the +0 robe "Wotees Ehisi" {*Corrode +Blink
                  | Dex+8} (You found it on level 6 of the Dungeon)
  5489 | D:6      | Found a staircase to the Ecumenical Temple.
  5499 | Temple   | Entered the Ecumenical Temple
  5537 | Temple   | Became a worshipper of Ashenzari the Shackled
  5763 | D:7      | Noticed a hungry ghost
  5799 | D:7      | Killed a hungry ghost
  5799 | D:7      | Reached skill level 4 in Dodging
  5799 | D:7      | Reached XP level 8. HP: 44/44 MP: 11/15
  5888 | D:7      | Noticed Pikel
  5907 | D:7      | Killed Pikel
  5907 | D:7      | Reached skill level 1 in Ice Magic
  6166 | D:7      | Found Taerat's Distillery.
  6169 | D:7      | Bought a potion of heal wounds for 55 gold pieces
  6169 | D:7      | Bought a potion of heal wounds for 55 gold pieces
  6278 | D:7      | Noticed Harold
  6294 | D:7      | Killed Harold
  6294 | D:7      | Reached skill level 5 in Dodging
  6294 | D:7      | Reached skill level 5 in Spellcasting
  6294 | D:7      | Reached XP level 9. HP: 51/51 MP: 13/17
  6449 | D:7      | Noticed Joseph
  6471 | D:7      | Killed Joseph
  6869 | D:7      | Found a runed door.
  6873 | D:7      | Noticed Crazy Yiuf
  6886 | D:7      | Killed Crazy Yiuf
  7046 | D:8      | Noticed a two-headed ogre
  7058 | D:8      | Killed a two-headed ogre
  7137 | D:8      | Reached skill level 6 in Dodging
  7832 | D:8      | Found a staircase to the Lair.
  7964 | D:8      | Found a shadowy altar of Dithmenos.
  7969 | D:8      | Reached skill level 5 in Fighting
  7969 | D:8      | Reached XP level 10. HP: 50/59 MP: 15/20
  8454 | D:8      | Found a shimmering altar of Xom.
  8454 | D:8      | Noticed SaintRoka's ghost (novice NaBe)
  8455 | D:8      | Found a runed door.
  8455 | D:8      | Noticed a rapier of chaos
  8475 | D:8      | Reached * piety under Ashenzari
  8609 | D:8      | Found an opulent altar of Gozag.
  8664 | D:8      | Noticed Grum
  8669 | D:8      | Killed Grum
  8669 | D:8      | Reached skill level 7 in Dodging
  8870 | D:9      | Noticed Erolcha
  9039 | D:9      | Killed Erolcha
  9039 | D:9      | Reached skill level 10 in Summonings
  9335 | D:9      | Found a staircase to the Orcish Mines.
  9354 | D:9      | Found Noguqiwn's Antique Weapon Boutique.
  9650 | D:9      | Noticed a two-headed ogre
  9656 | D:9      | Killed a two-headed ogre
  9656 | D:9      | Reached skill level 1 in Polearms
  9656 | D:9      | Reached skill level 1 in Armour
  9992 | D:10     | Entered Level 10 of the Dungeon
 11044 | D:10     | Noticed a two-headed ogre
 11054 | D:10     | Killed a two-headed ogre
 11310 | D:10     | Reached skill level 8 in Dodging
 11471 | D:10     | Got the uncursed buckler of True Grit {MR+ Int+3}
 11496 | D:10     | Identified the +0 buckler of True Grit {MR+ Int+3} (You
                  | found it on level 10 of the Dungeon)
 11757 | Lair:1   | Entered Level 1 of the Lair of Beasts
 11860 | Lair:1   | Noticed a spiny frog
 11865 | Lair:1   | Killed a spiny frog
 11867 | Lair:1   | Reached XP level 11. HP: 66/66 MP: 18/22
 12014 | Lair:1   | Reached skill level 1 in Shields
 12198 | Lair:1   | Noticed a six-headed hydra
 12218 | Lair:1   | Killed a six-headed hydra
 12769 | Lair:1   | Found a shattered altar of Ashenzari.
 13213 | Lair:2   | Noticed a seven-headed hydra
 13218 | Lair:2   | Noticed a catoblepas
 13245 | Lair:2   | Killed a seven-headed hydra
 13330 | Lair:1   | Killed a catoblepas
 14601 | Lair:3   | Noticed an eight-headed hydra
 14734 | Lair:3   | Found a hole to the Spider Nest.
 14734 | Lair:3   | Noticed an orb spider
 14812 | Lair:3   | Killed an orb spider
 14965 | Lair:3   | Killed an eight-headed hydra
 15446 | Lair:3   | Reached skill level 9 in Dodging
 15524 | Lair:3   | Reached ** piety under Ashenzari
 15883 | Lair:4   | Reached skill level 5 in Polearms
 15883 | Lair:4   | Reached skill level 5 in Armour
 16359 | Lair:3   | Reached XP level 12. HP: 42/73 MP: 14/25
 18219 | Lair:4   | Found a staircase to the Shoals.
 19382 | Lair:5   | Noticed Nessos
 19398 | Lair:5   | Killed Nessos
 19800 | Lair:5   | Noticed Snorg
 19808 | Lair:5   | Killed Snorg
 19808 | Lair:5   | Reached skill level 10 in Dodging
 20595 | Lair:6   | Entered Level 6 of the Lair of Beasts
 21117 | Lair:6   | Noticed a seven-headed hydra
 21123 | Lair:6   | Killed a seven-headed hydra
 21904 | Lair:6   | Noticed a seven-headed hydra
 21972 | Lair:6   | Reached *** piety under Ashenzari
 22162 | Lair:6   | Reached XP level 13. HP: 79/80 MP: 10/27
 23548 | Lair:6   | Found a staircase to the Slime Pits.
 24448 | Lair:6   | Reached skill level 11 in Dodging
 25954 | Lair:6   | Found a runed door.
 26002 | Lair:6   | Noticed an ice dragon
 26349 | Lair:6   | Reached skill level 10 in Fighting
 27483 | D:11     | Found a white marble altar of Elyvilon.
 30324 | D:12     | Learned a level 5 spell: Lightning Bolt
 30412 | D:13     | Reached skill level 1 in Conjurations
 30412 | D:13     | Gained mutation: You can fly continuously. [Tengu growth]
 30412 | D:13     | Reached XP level 14. HP: 78/88 MP: 19/28
 30964 | D:13     | Reached **** piety under Ashenzari
 31832 | D:14     | Reached skill level 5 in Conjurations
 32306 | Orc:1    | Entered Level 1 of the Orcish Mines
 32478 | Orc:2    | Entered Level 2 of the Orcish Mines
 32478 | Orc:2    | Found Batexten's Food Shop.
 32481 | Orc:2    | Paralysed by an orc sorcerer for 7 turns
 32484 | Orc:2    | HP: 3/88 [deep troll (13)]
 32484 | Orc:2    | Mangled by a troll

Skill      XL: |  1  2  3  4  5  6  7  8  9 10 11 12 13 14 |
---------------+-------------------------------------------+-----
Summonings     | 5 6 7 8 9 10 | 10.1
Dodging        | 3 4 5 6 8 9 10 11 | 11.7
Spellcasting   | 3 4 5 6 7 8 9 |  9.0
Fighting       | 1 3 5 6 7 9 10 | 10.8
Air Magic      | 1 3 5 |  5.3
Ice Magic      | 3 4 |  4.2
Polearms       | 2 5 7 9 |  9.9
Armour         | 2 5 7 9 |  9.4
Shields        | 3 4 |  4.0
Conjurations   | 1 5 |  5.3
Stealth        | |  2.0

Action                   |  1- 3 |  4- 6 |  7- 9 | 10-12 | 13-15 || total
-------------------------+-------+-------+-------+-------+-------++-------
Melee: Short sword       |    43 |     4 |       |       |       ||    47
       Kick              |     3 |    17 |    27 |    75 |    63 ||   185
       Peck              |     3 |     8 |    24 |    43 |    50 ||   128
       Dagger            |       |    47 |    26 |       |       ||    73
       Spear             |       |       |    82 |     5 |       ||    87
       Trident           |       |       |       |   415 |   451 ||   866
Throw: Stone             |       |       |     3 |     2 |       ||     5
 Cast: Summon Small Mamm |    21 |       |       |       |       ||    21
       Call Imp          |    15 |    30 |    12 |       |       ||    57
       Call Canine Famil |     3 |     8 |    10 |     2 |       ||    23
       Summon Lightning  |       |       |    32 |   151 |   144 ||   327
       Summon Ice Beast  |       |       |     6 |    94 |    58 ||   158
Invok: Curse Item        |       |       |       |     1 |     1 ||     2
       Scrying           |       |       |       |       |     1 ||     1
 Abil: Fly               |       |       |     1 |    15 |     6 ||    22
Evoke: Wand              |       |       |     8 |    10 |     3 ||    21
  Use: Scroll            |     3 |     5 |     2 |    12 |     8 ||    30
       Potion            |       |       |     3 |     4 |       ||     7
 Stab: Sleeping          |     1 |     1 |     2 |     3 |     1 ||     8
       Distracted        |       |     1 |     3 |    16 |    14 ||    34
       Paralysed         |       |       |       |     4 |       ||     4
  Eat: Chunk             |     4 |     4 |    16 |    38 |    18 ||    80
       Ration            |       |     2 |     1 |     8 |     7 ||    18
Armor: Robe              |    12 |     4 |    11 |    15 |       ||    42
       Leather armour    |       |       |       |     9 |    36 ||    45
       Troll leather arm |       |       |       |       |    18 ||    18
       Acid dragon scale |       |       |       |       |    15 ||    15
Dodge: Dodged            |    40 |    46 |    67 |   253 |   200 ||   606
Block: Buckler           |       |       |       |    62 |    58 ||   120
